 Dungeon Crawl Stone Soup version 0.31.0-12-g77e489cdc1 (webtiles) character file.

Game seed: 5489037511698683956

1715 cdecastro the Basher (level 8, 0/60 HPs)
             Began as an Armataur Warper on Mar 2, 2024.
             Was a Believer of Dithmenos.
             Slain by a troll (11 damage)
             ... on level 7 of the Dungeon.
             The game lasted 00:12:09 (7333 turns).

cdecastro the Basher (Armataur Warper)              Turns: 7333, Time: 00:12:09

Health: 0/60       AC: 11    Str: 21    XL:     8   Next: 74%
Magic:  10/10      EV:  4    Int: 15    God:    Dithmenos [**....]
Gold:   158        SH:  0    Dex:  9    Spells: 10/10 levels left

rFire   + . .        a - +0 mace
rCold   + . .        (no shield)
rNeg    . . .        t - +0 plate armour of the Impish God {Str+3 Slay+4}
rPois   .            A - +2 hat
rElec   .            k - scarf {rC+ rF+}
rCorr   +            C - +0 pair of gloves
SInv    .            (no barding)
Will    +....        (no amulet) Stlth
                     g - ring of resist corrosion
HPRegen 0.30/turn    F - ring of willpower
MPRegen 0.12/turn

%: roll
@: wreathed by umbra
A: large, deformed body, tough skin 3, armoured tail, roll 2
a: Renounce Religion, Shadow Step


You were on level 7 of the Dungeon.
You worshipped Dithmenos.
Dithmenos was pleased with you.
You visited 2 branches of the dungeon, and saw 8 of its levels.
You also visited: Sewer.

You collected 202 gold pieces.
You spent 44 gold pieces at shops.

Inventory:

Hand Weapons
 a - a +0 mace (weapon)
Missiles
 d - 7 darts of dispersal (quivered)
 h - 2 boomerangs
 l - 4 curare-tipped darts
 r - 28 poisoned darts
Armour
 k - a scarf of resistance (worn)
 t - the +0 plate armour of the Impish God (worn) {Str+3 Slay+4}
   (You found it on level 3 of the Dungeon)

   Str+3:     It affects your strength (+3).
   Slay+4:    It affects your accuracy & damage with ranged weapons and melee
   (+4).
 u - a +0 ring mail of cold resistance
 A - a +2 hat (worn)
 C - a +0 pair of gloves (worn)
Magical Staves
 f - a staff of cold
 o - a staff of conjuration
Jewellery
 g - a ring of resist corrosion (left hand)
 F - a ring of willpower (right hand)
 G - a +6 ring of strength
Wands
 w - a wand of acid (9)
Scrolls
 b - 3 scrolls of teleportation {unknown}
 c - 2 scrolls of blinking
 i - 11 scrolls of identify {unknown}
 j - 2 scrolls of immolation {unknown}
 m - a scroll of acquirement {unknown}
 s - 2 scrolls of enchant armour {unknown}
 v - a scroll of fear {unknown}
 y - 2 scrolls of enchant weapon {unknown}
 D - 4 scrolls of amnesia {unknown}
 E - a scroll of fog {unknown}
Potions
 e - a potion of attraction {unknown}
 n - a potion of resistance {unknown}
 p - a potion of brilliance {unknown}
 q - 2 potions of degeneration {unknown}
 x - 4 potions of haste {unknown}
 z - 2 potions of mutation {unknown}
 B - a potion of cancellation {unknown}
 H - a potion of berserk rage {unknown}


   Skills:
 - Level 1.7 Fighting
 + Level 10.5 Maces & Flails
 - Level 0.8 Throwing
 - Level 1.2 Armour
 - Level 1.3 Dodging
 - Level 1.7 Spellcasting
 - Level 3.0 Translocations


You had 10 spell levels left.
You didn't know any spells.
Your spell library contained the following spells:

 Spells                   Type           Power      Damage    Failure   Level
 Apportation              Tloc           20%        N/A       89%         1
 Blink                    Tloc           20%        N/A       96%         2
 Lesser Beckoning         Tloc           20%        N/A       96%         2
 Teleport Other           Tloc           10%        N/A       99%         3
 Magic Dart               Conj           4%         1d3       100%        1
 Necrotise                Necr           4%         1d4       100%        1
 Sting                    Conj/Alch      4%         1d3       100%        1
 Summon Small Mammal      Summ           4%         N/A       100%        1
 Searing Ray              Conj           2%         2d4       100%        2
 Fulminant Prism          Conj/Alch      0%         3d5       100%        4
 Manifold Assault         Tloc           10%        N/A       100%        4
 Vhi's Electric Charge    Tloc/Air       10%        N/A       100%        4


Dungeon Overview and Level Annotations

Branches:
Dungeon (7/15)             Temple (1/1) D:4           Sewer (visited)

Altars:
Ashenzari
Cheibriados
Dithmenos
Elyvilon
Fedhas
Gozag
Hepliaklqana
Kikubaaqudgha
Makhleb
Nemelex Xobeh
Okawaru
Qazlal
Ru
Trog
Uskayaw
Wu Jian
Xom
Yredelemnul
The Shining One

Shops:
D:7 *

Annotations:
D:2 Sigmund


Innate Abilities, Weirdness & Mutations

Armour fits poorly on your strangely shaped body.
You have extremely tough skin. (AC +3)
You have a long armoured tail.
You regenerate magic and health when rolling toward enemies. (Rampage Regen)


Message History

The bullfrog hits you! The bullfrog hits you.
You sock the bullfrog! You tail-slap the bullfrog.
The bullfrog is almost dead.
The bullfrog hits you.
You closely miss the bullfrog.
The bullfrog is almost dead.
The bullfrog hits you but does no damage.
You hit the bullfrog.
You kill the bullfrog!
Dithmenos accepts your kill.
The howler monkey hoots and howls with incredible vigour!
You roll towards the howler monkey!
You sock the howler monkey! You punch the howler monkey.
The howler monkey is severely wounded.
The howler monkey hits you.
You sock the howler monkey!
You kill the howler monkey!
Dithmenos accepts your kill.
You see here a howler monkey corpse.
Found a scroll labelled JAUNULOUDIS.
An orc priest comes into view. It is wielding a +0 dagger.
You see here a howler monkey corpse.
You see here a bullfrog corpse.
A troll comes into view.
You thump the troll!
Your tail-slap misses the troll.
The troll is lightly wounded.
The troll bites you!
The troll claws you but does no damage. x2
You hit the troll but do no damage. You tail-slap the troll!
The troll is moderately wounded.
The troll bites you. The troll claws you but does no damage.
The troll claws you!
The orc priest mumbles some strange prayers to Beogh against you.
Beogh smites you!
* * * LOW HITPOINT WARNING * * *
You hit the troll. You tail-slap the troll.
The troll is severely wounded.
The troll bites you!
* * * LOW HITPOINT WARNING * * *
The troll claws you!
You die...

###.#.......#
............# ...#
............###...###
.####........#........
...........##........
...........##.......?
...........##........
#######T#####........
#.@.††.........
#######o.......
#........ #........
##.###### .# o# ..


You could see a troll and an orc priest.

Vanquished Creatures
  2 water moccasins (D:5)
  An ice beast (D:5)
  An ogre (D:6)
  A centaur (D:4)
  3 kobold brigands (Sewer)
  A bullfrog (D:7)
  A scorpion (D:4)
  3 howler monkeys (D:7)
  A hound (D:6)
  2 bombardier beetles
  A jelly (D:6)
  A gnoll bouda (D:6)
  2 orc priests
  Jessica (D:3)
  An iguana (D:5)
  Natasha (thrice) (D:4)
  3 orc wizards (D:6)
  Robin (D:4)
  9 gnolls (D:6)
  7 adders
  3 river rats (Sewer)
  8 ribbon worms
  A dart slug (D:3)
  33 orcs
  7 ball pythons
  7 endoplasms
  3 giant cockroaches
  11 goblins
  12 hobgoblins
  2 jackals (D:1)
  11 kobolds
  3 quokkas
  8 bats
  2 frilled lizards
  13 rats
169 creatures vanquished.

Notes
Turn   | Place    | Note
-------+----------+-------------------------------------------
     0 | D:1      | cdecastro the Armataur Warper began the quest for the Orb.
     0 | D:1      | Reached XP level 1. HP: 17/17 MP: 3/3
    31 | D:1      | Reached skill level 2 in Maces & Flails
   105 | D:1      | Reached XP level 2. HP: 6/24 MP: 4/4
   381 | D:1      | Reached skill level 3 in Maces & Flails
   870 | D:2      | Reached XP level 3. HP: 29/29 MP: 5/5
  1174 | D:2      | Found a faded altar of an unknown god.
  1319 | D:2      | Noticed Sigmund
  1359 | D:1      | HP: 1/29 [poisoned by an adder]
  1519 | D:2      | Reached XP level 4. HP: 36/36 MP: 6/6
  1801 | D:3      | Noticed Jessica
  1807 | D:3      | Killed Jessica
  1808 | D:3      | Reached skill level 4 in Maces & Flails
  2202 | D:3      | Identified the +0 plate armour of the Impish God {Str+3
                  | Slay+4}
  2777 | D:4      | Noticed a centaur
  2782 | D:4      | Killed a centaur
  2783 | D:4      | Reached skill level 5 in Maces & Flails
  2783 | D:4      | Reached XP level 5. HP: 27/41 MP: 7/7
  2893 | D:4      | Found a shadowy altar of Dithmenos.
  2929 | D:4      | Became a worshipper of Dithmenos the Shadowed
  2975 | D:4      | Noticed Natasha
  2983 | D:4      | Killed Natasha
  3029 | D:4      | Noticed Robin
  3274 | D:4      | Noticed Natasha
  3289 | D:4      | Killed Natasha
  3290 | D:4      | Reached XP level 6. HP: 37/48 MP: 8/8
  3338 | D:4      | Reached skill level 6 in Maces & Flails
  3346 | D:4      | Noticed Natasha
  3354 | D:4      | Killed Natasha
  3513 | D:4      | Killed Robin
  3804 | D:4      | Found a burning altar of Makhleb.
  3924 | D:4      | Found a staircase to the Ecumenical Temple.
  3969 | Temple   | Entered the Ecumenical Temple
  4113 | D:5      | Entered Level 5 of the Dungeon
  4113 | D:5      | Noticed a water moccasin
  4127 | D:5      | Killed a water moccasin
  4247 | D:5      | Noticed an ice beast
  4253 | D:5      | Killed an ice beast
  4254 | D:5      | Reached skill level 7 in Maces & Flails
  4254 | D:5      | Gained mutation: You regenerate magic and health when
                  | rolling toward enemies. (Rampage Regen) [Armataur growth]
  4254 | D:5      | Reached XP level 7. HP: 33/53 MP: 9/9
  4424 | D:5      | Found a glowing drain.
  4445 | Sewer    | Entered a sewer
  4645 | Sewer    | Reached * piety under Dithmenos
  4975 | Sewer    | Reached skill level 8 in Maces & Flails
  5213 | D:5      | Found a glowing golden altar of the Shining One.
  5318 | D:5      | Found a white marble altar of Elyvilon.
  5667 | D:5      | Found a broken altar of Ashenzari.
  5693 | D:5      | Reached ** piety under Dithmenos
  5859 | D:5      | Reached XP level 8. HP: 59/60 MP: 10/10
  5928 | D:5      | Found a blossoming altar of Fedhas.
  6154 | D:5      | Reached skill level 9 in Maces & Flails
  6276 | D:6      | Found a bloodstained altar of Trog.
  6710 | D:6      | Reached skill level 10 in Maces & Flails
  6748 | D:6      | Identified the +0 war axe of the Wheel {heavy, rN+ SInv}
  7016 | D:6      | Found an ornate altar of the Wu Jian Council.
  7277 | D:7      | Found Wikisept's Assorted Antiques.
  7281 | D:7      | Bought an amethyst potion for 22 gold pieces
  7281 | D:7      | Bought a puce potion for 22 gold pieces
  7330 | D:7      | Noticed a troll
  7333 | D:7      | Slain by a troll

Illustrated notes

Levels and vault maps discovered:
D:1:      ebering_trefoil_twist, layout_loops_ring, kennysheep_doodads,
          minmay_split_cup_large
D:2:      layout_loops_ring, ebering_ecumenical_altar_sacrificial, uniq_sigmund
D:3:      layout_loops_corners, uniq_jessica
D:4:      layout_layer_cave, mainiacjoe_overflow_24_doors,
          lemuel_coloured_pillars_altar, minmay_temple_entry_stoned_glass,
          uniq_natasha, uniq_robin
D:5:      layout_basic, elyvilon_altar_3, kennysheep_mini,
          mainiacjoe_overflow_swirl, cheibrodos_sewer_entry_drain
D:6:      layout_basic, mainiacjoe_overflow_brackets, trog_three_pillars_becter,
          reono_crystal_passage
D:7:      layout_basic, zin_purify, serial_shops, shop, worms_lemuel,
          uniq_menkaure
Temple:   nicolae_temple_ecumenical_triangle

Skill      XL: |  1  2  3  4  5  6  7  8 |
---------------+-------------------------+-----
Maces & Flails | 2 3 5 7 8 10 | 10.5
Fighting       | |  1.7
Throwing       | |  0.8
Armour         | |  1.2
Dodging        | |  1.3
Spellcasting   | |  1.7
Translocations | |  3.0

Action                     |  1- 3 |  4- 6 |  7- 9 || total
---------------------------+-------+-------+-------++-------
  Melee: Mace              |   129 |   133 |   246 ||   508
         Tailslap          |     9 |    12 |    38 ||    59
         Punch             |     1 |     1 |     3 ||     5
    Use: Potion            |     2 |       |       ||     2
 Armour: Leather armour    |    32 |       |       ||    32
         Scale mail        |    84 |    62 |       ||   146
         Plate armour      |       |    89 |   170 ||   259
  Dodge: Dodged            |    68 |    42 |    28 ||   138
